 Dungeon Crawl Stone Soup version 0.29.1-15-g9cfb28693d (webtiles) character file.

Game seed: 16442475558616493843

116 H0rd4k the Charlatan (level 5, 0/35 HPs)
             Began as an Octopode Artificer on Mar 30, 2023.
             Slain by an ufetubus (2 damage)
             ... on level 5 of the Dungeon.
             The game lasted 00:01:46 (2521 turns).

H0rd4k the Charlatan (Octopode Artificer)           Turns: 2521, Time: 00:01:47

Health: 0/35       AC:  1    Str: 11    XL:     5   Next: 1%
Magic:  8/8        EV: 13    Int: 15    God:
Gold:   146        SH:  0    Dex: 13    Spells: 8/8 levels left

rFire   x . .      SeeInvis .     - Unarmed
rCold   + . .      Faith    .   (no shield)
rNeg    . . .      Spirit   .   (helmet restricted)
rPois   .          Reflect  .   (no amulet)
rElec   .          Harm     .   i - +4 ring of slaying
rCorr   .          Rampage  .   o - ring of ice
Will    .....                   (no ring)
Stlth   +++.......              (no ring)
HPRegen 0.11/turn               (no ring)
MPRegen 0.11/turn               (no ring)
                                (no ring)
                                (no ring)

@: no status effects
A: almost no armour, amphibious, 8 rings, camouflage 1, gelatinous body 1,
(nimble swimmer 1), tentacles
a: no special abilities


You were on level 5 of the Dungeon.
You visited 1 branch of the dungeon, and saw 4 of its levels.

You collected 146 gold pieces.

Inventory:

Hand Weapons
 j - a +2 short sword of venom
Missiles
 m - 5 poisoned darts
Magical Staves
 q - a staff of conjuration
Jewellery
 i - a +4 ring of slaying (left tentacle)
 o - a ring of ice (right tentacle)
Wands
 b - a wand of flame (12) (quivered)
 c - a wand of charming (10)
 d - a wand of iceblast (5)
Scrolls
 a - a scroll of silence {unknown}
 e - a scroll of enchant weapon {unknown}
 g - a scroll of brand weapon {unknown}
 h - 3 scrolls of identify {unknown}
 k - a scroll of enchant armour {unknown}
 l - 2 scrolls of teleportation {unknown}
 n - a scroll of torment {unknown}
Potions
 f - a potion of mutation {unknown}
 p - a potion of attraction {unknown}


   Skills:
 * Level 2.6 Fighting
 - Level 2.3 Dodging
 - Level 1.3 Stealth
 + Level 2.3 Unarmed Combat
 * Level 2.1 Spellcasting
 - Level 3.2 Evocations


You had 8 spell levels left.
You didn't know any spells.
Your spell library contained the following spells:

 Spells                   Type           Power      Damage    Failure   Level
 Magic Dart               Conj           4%         1d3       22%         1
 Call Imp                 Summ           1%         N/A       32%         2
 Mephitic Cloud           Conj/Pois/Air  1%         N/A       54%         3


Dungeon Overview and Level Annotations

Branches:
Dungeon (3/15)

Altars:
Ru


Innate Abilities, Weirdness & Mutations

You cannot wear most types of armour.
You are amphibious.
You can wear up to eight rings at the same time.
Your skin changes colour to match your surroundings (Stealth+).
Your rubbery body absorbs attacks. (AC +1, EV +1)
((You are camouflaged when in or above water. (Stealth+)))
You have tentacles for arms and can constrict up to eight enemies at once.


Message History

The orc wizard gestures at you while chanting.
The magic dart hits you!
The orc moves out of view.
A scorpion comes into view.
Found a viscous dark potion.
The ufetubus closely misses you. The ufetubus hits you.
The orc falls through a shaft!
The shaft crumbles and collapses.
Aiming: Charm
Press: ? - help, Shift-Dir - straight line, f - orc wizard
Aim: an orc wizard, wielding a +0 dagger and wearing a +0 robe (chance to affect: 57%)
The orc wizard is charmed.
The scorpion barely misses your orc wizard.
The ufetubus hits you. The ufetubus misses you.
A hound comes into view.
The scorpion stings your orc wizard but does no damage.
The ufetubus barely misses you. The ufetubus closely misses you.
Your orc wizard closely misses the scorpion.
You miss the ufetubus. Your grab misses the ufetubus.
The ufetubus closely misses you. The ufetubus barely misses you.
You miss the ufetubus. Your grab misses the ufetubus. You squeeze the ufetubus.
The ufetubus is heavily wounded.
Your orc wizard hits the scorpion but does no damage.
The ufetubus hits you. x2
Aiming: Charm
Press: ? - help, Shift-Dir - straight line, f - ufetubus, p - orc wizard
Aim: an ufetubus (heavily wounded, chance to affect: 66%)
The ufetubus struggles to resist.
The ufetubus hits you.
* * * LOW HITPOINT WARNING * * *
The ufetubus misses you.
The ufetubus hits you but does no damage.
The ufetubus hits you.
* * * LOW HITPOINT WARNING * * *
The hound bites you.
* * * LOW HITPOINT WARNING * * *
Aiming: Charm
Press: ? - help, Shift-Dir - straight line, f/p - ufetubus
Aim: an ufetubus (heavily wounded, chance to affect: 66%)
The ufetubus struggles to resist.
The ufetubus hits you.
* * * LOW HITPOINT WARNING * * *
The ufetubus barely misses you. The ufetubus hits you.
You die...

#..........!
#...........
#...........
#......o....
..##....s......
.....s.......
#..h...# #5##
#.@##########
##...........
############


You could see a scorpion, a hound and an ufetubus.

Vanquished Creatures
  An orc priest (D:5)
  Terence (D:2)
  An adder (D:2)
  A worm (D:3)
  A dart slug (D:1)
  5 endoplasms
  A giant cockroach (D:2)
  3 goblins
  2 hobgoblins
  4 jackals (D:1)
  5 kobolds
  2 quokkas
  8 ball pythons
  3 bats (D:1)
  2 frilled lizards
  5 rats
45 creatures vanquished.

Vanquished Creatures (collateral kills)
  A quokka (D:2)
1 creature vanquished.

Grand Total: 46 creatures vanquished

Notes
Turn   | Place    | Note
-------+----------+-------------------------------------------
     0 | D:1      | H0rd4k the Octopode Artificer began the quest for the Orb.
     0 | D:1      | Reached XP level 1. HP: 13/13 MP: 1/1
   374 | D:1      | Reached XP level 2. HP: 18/18 MP: 3/3
   415 | D:1      | Reached skill level 1 in Spellcasting
   786 | D:1      | Found a faded altar of an unknown god.
  1105 | D:1      | Reached XP level 3. HP: 14/24 MP: 3/5
  1602 | D:2      | Reached skill level 1 in Unarmed Combat
  1667 | D:2      | Found a sacrificial altar of Ru.
  2256 | D:2      | Noticed Terence
  2259 | D:2      | Killed Terence
  2260 | D:2      | Reached XP level 4. HP: 30/30 MP: 6/6
  2506 | D:3      | You fall into a shaft and drop 2 floors!
  2506 | D:5      | Entered Level 5 of the Dungeon
  2513 | D:5      | Reached XP level 5. HP: 35/35 MP: 8/8
  2521 | D:5      | Slain by an ufetubus

Illustrated notes

Levels and vault maps discovered:
D:1:      erik_arrival_cave_to_civilisation [erik_arrival_cave_to_hall],
          layout_basic, shapermc_ecumenical_altar_venn, minmay_tripent
D:2:      layout_basic, basic_altar, uniq_terence
D:3:      layout_basic, nicolae_overflow_two_pavilions, minmay_unequal
D:5:      layout_rooms, minmay_manual_monolith

Skill      XL: |  1  2  3  4 |
---------------+-------------+-----
Spellcasting   | 1 2 |  2.1
Fighting       | 2 |  2.6
Unarmed Combat | 1 2 |  2.3
Dodging        | |  2.3
Stealth        | |  1.3
Evocations     | |  3.2

Action                   |  1- 3 |  4- 6 || total
-------------------------+-------+-------++-------
Melee: Unarmed           |    79 |    19 ||    98
       Constrict         |    25 |     4 ||    29
       Tentacles         |    19 |     6 ||    25
Evoke: Wand              |     2 |     6 ||     8
  Use: Potion            |     2 |       ||     2
 Stab: Sleeping          |     6 |       ||     6
Armor: Skin              |     7 |     1 ||     8
Dodge: Dodged            |    66 |    21 ||    87
